 Dungeon Crawl Stone Soup version 0.25-a0-317-g5f8687bca5 (webtiles) character file.

Game seed: 7989677836666559793, levelgen mode: classic

189628 Borgoz the Tortoise (level 18, -1/120 HPs)
             Began as a Gargoyle Fighter on Dec 25, 2019.
             Was the Champion of Ashenzari.
             Slain by a shock serpent (3 damage)
             ... on level 3 of the Snake Pit.
             The game lasted 01:21:17 (33152 turns).

Borgoz the Tortoise (Gargoyle Fighter)             Turns: 33152, Time: 01:21:18

Health: -1/120     AC: 31    Str: 28    XL:     18   Next: 14%
Magic:  0/27       EV: 18    Int: 15    God:    Ashenzari [******]
Gold:   732        SH: 18    Dex: 22    Spells: 16/17 levels left

rFire    + . .     SeeInvis +   a - +7 Singing Sword {slice, sonic wave}
rCold    + . .     Gourm    .   F - +4 shield of the Realm of Zot {rElec rF+ Regen+ Int+4}
rNeg     + + .     Faith    .   O - +4 scale mail of Hasam {MR+ Int+2 Stlth+}
rPois    ∞         Spirit   +   (no helmet)
rElec    +         Reflect  .   W - scarf {cloud immunity}
rCorr    .         Harm     .   o - +2 pair of gloves
MR       +++..     Clarity  +   (no boots)
Stlth    ++........             t - amulet of guardian spirit
HPRegen  0.70/turn              E - ring of Amog {rC+ rN+ MR+ Int-4}
MPRegen  0.20/turn              S - ring of Xom's Full Attention {MP+9 Str+6 Int+4 Dex+7}

@: flying, constricted
A: big wings, negative energy resistance 1, electricity resistance, unbreathing,
petrification resistance, rot immunity, AC +13
}: 1/15 runes: decaying
a: Stop Flying, Curse Item, Scrying, Transfer Knowledge, Renounce Religion


You were on level 3 of the Snake Pit.
You worshipped Ashenzari.
Ashenzari was exalted by your worship.
You were very hungry.

You visited 6 branches of the dungeon, and saw 31 of its levels.

You collected 2659 gold pieces.
You spent 1927 gold pieces at shops.

Inventory:

Hand Weapons
 a - the +7 Singing Sword (weapon) {slice, sonic wave}
   (You found it on level 6 of the Lair of Beasts)

   It inflicts extra damage upon your enemies.
 b - a +2 scimitar of flaming
Missiles
 q - a throwing net (quivered)
Armour
 o - a +2 pair of gloves (worn)
 A - the +3 robe of Clouds {+Thunder rCloud rElec}
   (You found it on level 1 of the Snake Pit)

   It insulates you from electricity.
 C - a +3 chain mail of fire resistance
 F - the +4 shield of the Realm of Zot (worn) {rElec rF+ Regen+ Int+4}
   (You bought it in a shop on level 2 of the Orcish Mines)

   It affects your intelligence (+4).
   It protects you from fire.
   It insulates you from electricity.
   It increases your rate of regeneration.
 O - the +4 scale mail of Hasam (worn) {MR+ Int+2 Stlth+}
   (You found it on level 8 of the Dungeon)

   It affects your intelligence (+2).
   It affects your resistance to hostile enchantments.
   It makes you more stealthy.
 W - a scarf of cloud immunity (worn)
Jewellery
 e - an uncursed ring of protection from magic
 n - an uncursed ring of protection from cold
 t - an amulet of guardian spirit (around neck)
 D - a +4 ring of protection
 E - the ring of Amog (left hand) {rC+ rN+ MR+ Int-4}
   (You bought it in a shop on level 2 of the Orcish Mines)

   [ring of protection from magic]

   It affects your intelligence (-4).
   It protects you from cold.
   It protects you from negative energy.
   It affects your resistance to hostile enchantments.
 S - the ring of Xom's Full Attention (right hand) {MP+9 Str+6 Int+4 Dex+7}
   (You found it on level 4 of the Swamp)

   [ring of magical power]

   It affects your strength (+6).
   It affects your intelligence (+4).
   It affects your dexterity (+7).
   It affects your magic capacity (+9).
Wands
 h - a wand of flame (18)
 j - a wand of scattershot (3)
 w - a wand of clouds (6)
 B - a wand of digging (10)
 G - a wand of paralysis (20)
 K - a wand of polymorph (5)
 M - a wand of disintegration (20)
 Q - a wand of iceblast (20)
 V - a wand of acid (2)
Scrolls
 g - a scroll of amnesia
 k - 7 scrolls of magic mapping
 l - a scroll of identify
 m - 9 scrolls of fear
 r - 12 scrolls of teleportation
 u - 5 scrolls of remove curse
 y - 2 scrolls of blinking
 J - 4 scrolls of fog
 P - 3 scrolls of silence
Potions
 c - a potion of heal wounds
 d - 6 potions of cancellation
 i - 2 potions of berserk rage
 p - 4 potions of haste
 s - a potion of ambrosia
 v - 3 potions of agility
 x - 5 potions of might
 z - 7 potions of curing
 H - a potion of invisibility
 I - a potion of resistance
Comestibles
 f - 46 rations


   Skills:
 + Level 16.1 Fighting
 * Level 15.3 Long Blades
 + Level 16.4 Armour
 * Level 12.4 Dodging
 + Level 10.7 Shields


You had 16 spell levels left.
You knew the following spells:

 Your Spells              Type           Power        Failure   Level  Hunger
a - Confusing Touch       Hex            #.....       61%         1    ##.....

Your spell library contained the following spells:

 Spells                   Type           Power        Failure   Level  Hunger
 Animate Skeleton         Necr           N/A          61%         1    ##.....
 Apportation              Tloc           #.....       61%         1    ##.....
 Beastly Appendage        Tmut           #.....       61%         1    ##.....
 Corona                   Hex            #......      61%         1    ##.....
 Foxfire                  Conj/Fire      #...         61%         1    ##.....
 Freeze                   Ice            #...         61%         1    ##.....
 Infusion                 Chrm           #...         61%         1    ##.....
 Sandblast                Erth           #.....       61%         1    ##.....
 Sting                    Tmut/Pois      #...         61%         1    ##.....
 Summon Small Mammal      Summ           #...         61%         1    ##.....
 Corpse Rot               Necr/Air       N/A          75%         2    ###....
 Ensorcelled Hibernation  Hex/Ice        #.....       75%         2    ###....
 Passwall                 Tmut/Erth      #.......     75%         2    ###....
 Poisonous Vapours        Pois/Air       #.....       75%         2    ###....
 Shroud of Golubria       Chrm/Tloc      #.....       75%         2    ###....
 Slow                     Hex            #.......     75%         2    ###....
 Song of Slaying          Chrm           #.......     75%         2    ###....
 Sticks to Snakes         Tmut           #.......     75%         2    ###....
 Confuse                  Hex            #.......     93%         3    ####...
 Conjure Flame            Conj/Fire      #.......     93%         3    ####...
 Dazzling Flash           Conj/Hex       #.....       93%         3    ####...
 Ignite Poison            Fire/Tmut/Pois #.......     93%         3    ####...
 Inner Flame              Hex/Fire       #.......     93%         3    ####...
 Mephitic Cloud           Conj/Pois/Air  #.......     93%         3    ####...
 Ozocubu's Armour         Chrm/Ice       #.......     93%         3    ####...
 Portal Projectile        Hex/Tloc       #.....       93%         3    ####...
 Regeneration             Chrm/Necr      #.........   93%         3    ####...
 Spectral Weapon          Hex/Chrm       #.......     93%         3    ####...
 Spider Form              Tmut/Pois      #.........   93%         3    ####...
 Stone Arrow              Conj/Erth      #.....       93%         3    ####...
 Tukima's Dance           Hex            #.......     93%         3    ####...
 Cause Fear               Hex            #.........   100%        4    #####..
 Hailstorm                Conj/Ice       #.......     100%        4    #####..
 Ice Form                 Ice/Tmut       #.......     100%        4    #####..
 Leda's Liquefaction      Hex/Erth       #.........   100%        4    #####..
 Olgreb's Toxic Radiance  Pois           #.......     100%        4    #####..
 Petrify                  Tmut/Erth      #.......     100%        4    #####..
 Sticky Flame             Conj/Fire      #.......     100%        4    #####..
 Summon Ice Beast         Ice/Summ       #.......     100%        4    #####..
 Alistair's Intoxication  Tmut/Pois      #.......     100%        5    ######.
 Blade Hands              Tmut           #.........   100%        5    ######.
 Fireball                 Conj/Fire      #.........   100%        5    ######.
 Irradiate                Conj/Tmut      #.........   100%        5    ######.
 Lee's Rapid Deconstruct  Erth           #.........   100%        5    ######.
 Silence                  Hex/Air        #.........   100%        5    ######.
 Summon Forest            Summ/Tloc      #.........   100%        5    ######.
 Yara's Violent Unravell  Hex/Tmut       #.........   100%        5    ######.
 Deflect Missiles         Chrm/Air       #.........   100%        6    #######
 Eringya's Noxious Bog    Tmut/Pois      #.........   100%        6    #######
 Hydra Form               Tmut           #.........   100%        6    #######
 Summon Hydra             Summ           #.........   100%        7    #######
 Discord                  Hex            #.........   100%        8    #######
 Sublimation of Blood     Necr           Unusable     N/A         2    N/A

Dungeon Overview and Level Annotations

Branches:
Dungeon (15/15)            Temple (1/1) D:5            Lair (6/6) D:9
  Swamp (4/4) Lair:2        Snake (3/4) Lair:2        Slime (0/5) Lair:5
    Orc (2/2) D:12            Elf (0/3) Orc:2        Vaults (0/5) D:13
 Depths (0/5) D:15

Altars:
Ashenzari
Cheibriados
Dithmenos
Elyvilon
Fedhas
Gozag
Hepliaklqana
Kikubaaqudgha
Makhleb
Nemelex Xobeh
Okawaru
Qazlal
Ru
Sif Muna
Trog
Uskayaw
Vehumet
Wu Jian
Xom
Yredelemnul
Zin
The Shining One
Jiyva

Shops:
D:4 !   D:7 }   D:12 =   D:13 ((?*(   Orc:1 :   Orc:2 %!?[=   Snake:2 [


Innate Abilities, Weirdness & Mutations

You are resistant to torment.
Your stone body is resilient. (AC +13)
You are immune to poison.
Your large and strong wings let you fly indefinitely.
You resist negative energy. (rN+)
You are resistant to electric shocks. (rElec)
You can survive without breathing.
You are immune to petrification.
You are immune to rotting.


Message History

The shock serpent's electric aura discharges, shocking you!
You resist.
The shock serpent's electric aura discharges, shocking you!
You resist.
You hear a shout!
You hear an angry hiss. x3
The shock serpent bites you!
* * * LOW HITPOINT WARNING * * *
The shock serpent shocks you. You resist.
* * * LOW HITPOINT WARNING * * *
The shock serpent completely misses you.
You riposte.
You slash the shock serpent!
The shock serpent is almost dead.
The shock serpent's electric aura discharges, shocking you!
You resist. You block the anaconda's attack. x2
You block the naga warrior's attack. The naga warrior constricts you.
You block the shock serpent's attack. You block the anaconda's attack.
The shock serpent bites you.
* * * LOW HITPOINT WARNING * * *
The shock serpent shocks you. You resist.
You die...

,*, ,,
............... *
**
,,,,,..............
**** * ,,
,............# **
,, *,...(.......#
,** ...........# ,
,, ,,...........##
,, ,,{**#..S....#*
* , ,, ##SSS##..# *
,, , * #NN@## , ,,*
* #.NS)#* ,,, **,**
#..)... ,,, **
#........, *
#......##..,* * ,
###....# *. ,, ,,,
###... , ,, , ,,
*#...,, ,,, * *, ,
,,,, **


You could see a naga warrior, 2 naga sharpshooters, 2 anacondas, 2 shock
serpents and a guardian serpent.

Vanquished Creatures
  the Lernaean hydra (Swamp:4)
  Jorgrun (Orc:2)
  3 nagarajas (Snake:2)
  An orc warlord (Orc:2)
  The ghost of krystol the Eclecticist, a journeyman DEFE of Vehumet (Lair:2)
  The ghost of MirrMurr the Imperceptible, an adept SpEn of Okawaru (Swamp:2)
  6 dire elephants
  Erolcha (Orc:2)
  5 naga warriors
  2 catoblepae
  6 anacondas
  2 ghost crabs
  A centaur warrior (D:14)
  Erica (D:9)
  25 hydras
  5 two-headed ogres
  14 alligators
  2 death knights
  2 tengu warriors (D:14)
  4 death yaks
  A queen ant (Lair:3)
  3 orc high priests (Orc:2)
  7 shock serpents
  A dancing weapon (Lair:2)
  Sonja (Orc:2)
  6 naga sharpshooters
  A salamander mystic (Snake:2)
  2 unseen horrors (D:15)
  3 naga ritualists (Snake:1)
  A spriggan druid (Swamp:4)
  12 swamp dragons
  Pikel (D:8)
  4 orc knights (Orc:2)
  2 spectral hydras (Swamp:2)
  A wolf spider (D:15)
  A phantasmal warrior (D:13)
  A lindwurm (Lair:1)
  10 mana vipers
  7 ugly things
  5 orc sorcerers (Orc:2)
  A spectral alligator (Swamp:2)
  2 oklob plants (Lair:4)
  A manticore (D:15)
  3 centaur zombies
  A cyclops (Orc:1)
  9 salamanders
  A guardian serpent (Snake:1)
  5 naga magi
  21 black mambas
  A spectral spriggan (Swamp:2)
  19 elephants
  2 centaur skeletons
  18 spiny frogs
  A gargoyle (D:9)
  7 komodo dragons
  An efreet (D:14)
  2 freezing wraiths
  2 tengu conjurers (D:14)
  A troll (shapeshifter) (D:13)
  A polar bear (Lair:5)
  A merfolk (shapeshifter) (D:15)
  2 hornets
  4 trolls
  A hornet (shapeshifter) (D:13)
  11 bog bodies
  14 tyrant leeches
  5 blink frogs (Lair:4)
  22 slime creatures
  A hippogriff (shapeshifter) (D:13)
  8 hippogriffs
  A spectral tyrant leech (Swamp:2)
  12 shadows
  4 wyverns
  A wraith (D:13)
  51 yaks
  5 basilisks
  4 hogs (D:8)
  A yak (shapeshifter) (D:13)
  A human (D:8)
  An acid dragon (D:15)
  15 vampire mosquitoes
  A spectral spiny frog (Swamp:2)
  10 insubstantial wisps
  15 swamp worms
  17 nagas
  7 soldier ants (Lair:3)
  7 water moccasins
  16 swamp drakes
  9 porcupines
  30 orc warriors
  3 black bears
  4 ice beasts
  4 slaves
  2 phantoms
  An alligator simulacrum (Swamp:2)
  A necrophage (D:11)
  8 ogres
  13 wolves
  14 centaurs
  14 crocodiles
  A spriggan simulacrum (Swamp:2)
  4 big kobolds
  20 bullfrogs
  A wyvern zombie (D:12)
  A wyvern skeleton (D:11)
  6 scorpions
  A swamp dragon simulacrum (Swamp:2)
  9 killer bees
  8 wights
  3 vampire bats (Lair:4)
  6 electric eels
  A bullfrog zombie (D:8)
  7 crimson imps
  4 bullfrog skeletons
  3 jellies
  A quasit (D:9)
  17 orc priests
  7 hounds
  2 iguanas
  31 worker ants
  31 orc wizards
  2 spectral swamp drakes (Swamp:2)
  Terence (D:2)
  A killer bee zombie (D:9)
  A hound zombie (D:11)
  A hound skeleton (D:6)
  3 worker ant zombies
  12 adders
  4 gnolls (Orc:2)
  6 shadow imps
  2 adder skeletons
  2 worms (D:2)
  2 dart slugs
  8 leopard geckos
  59 orcs
  A ball python (D:2)
  18 bats
  6 giant cockroaches
  14 goblins
  6 hobgoblins
  5 jackals
  13 quokkas
  6 frilled lizards
  30 kobolds
  7 rats
  A fungus (D:9)
  5 plants
974 creatures vanquished.

Vanquished Creatures (others)
  A hydra (Swamp:1)
  2 tyrant leeches (Swamp:1)
  A swamp drake (Swamp:4)
  An orc (Orc:2)
  A bush (Lair:4)
  23 fungi
  10 plants
39 creatures vanquished.

Grand Total: 1013 creatures vanquished

Notes
Turn   | Place    | Note
-------+----------+-------------------------------------------
     0 | D:1      | Borgoz the Gargoyle Fighter began the quest for the Orb.
     0 | D:1      | Reached XP level 1. HP: 14/14 MP: 1/1
   195 | D:1      | Reached XP level 2. HP: 15/19 MP: 2/2
  1025 | D:2      | Reached XP level 3. HP: 19/23 MP: 3/3
  1486 | D:2      | Noticed Terence
  1498 | D:2      | Killed Terence
  1498 | D:2      | Reached XP level 4. HP: 27/29 MP: 4/4
  1634 | D:2      | Reached skill level 1 in Dodging
  1641 | D:2      | Reached XP level 5. HP: 27/33 MP: 2/5
  2940 | D:4      | Noticed an ogre
  2948 | D:4      | Killed an ogre
  2948 | D:4      | Reached XP level 6. HP: 24/39 MP: 3/6
  3158 | D:4      | Found Pedd's Distillery.
  3164 | D:4      | Bought a potion of heal wounds for 70 gold pieces
  3164 | D:4      | Bought a potion of might for 56 gold pieces
  3259 | D:4      | Found an ancient bone altar of Kikubaaqudgha.
  3259 | D:4      | Found a shattered altar of Ashenzari.
  3291 | D:4      | Became a worshipper of Ashenzari the Shackled
  3482 | D:4      | Found an ornate altar of the Wu Jian Council.
  3669 | D:5      | Entered Level 5 of the Dungeon
  3713 | D:5      | Reached skill level 5 in Fighting
  4123 | D:5      | Reached skill level 5 in Armour
  4123 | D:5      | Reached XP level 7. HP: 44/44 MP: 7/7
  4151 | D:5      | Found a staircase to the Ecumenical Temple.
  4167 | Temple   | Entered the Ecumenical Temple
  5029 | D:6      | Reached XP level 8. HP: 51/51 MP: 8/8
  5123 | D:6      | Found a shadowy altar of Dithmenos.
  5573 | D:7      | Found a bloodstained altar of Trog.
  5582 | D:7      | Reached skill level 5 in Shields
  5599 | D:7      | Reached skill level 5 in Long Blades
  5818 | D:7      | Reached * piety under Ashenzari
  5929 | D:7      | Found Neivinoa's Gadget Emporium.
  6220 | D:7      | Reached XP level 9. HP: 56/57 MP: 9/9
  6469 | D:8      | Noticed Pikel
  6839 | D:8      | Got the uncursed scale mail of Hasam {MR+ Int+2 Stlth+}
  6868 | D:8      | Identified the +4 scale mail of Hasam {MR+ Int+2 Stlth+}
                  | (You found it on level 8 of the Dungeon)
  7133 | D:8      | Killed Pikel
  7538 | D:8      | Reached XP level 10. HP: 41/65 MP: 6/10
  8465 | D:9      | Found a staircase to the Lair.
  8478 | D:9      | Reached ** piety under Ashenzari
  8824 | D:9      | Found an opulent altar of Gozag.
  8824 | D:9      | Found a sparkling altar of Nemelex Xobeh.
  8856 | D:9      | Noticed a gargoyle
  8868 | D:9      | Killed a gargoyle
  8892 | D:9      | Found a stormy altar of Qazlal.
  9433 | D:10     | Entered Level 10 of the Dungeon
  9433 | D:10     | Noticed Erica
  9447 | D:9      | Reached XP level 11. HP: 66/72 MP: 9/11
  9469 | D:9      | Reached skill level 10 in Fighting
  9513 | D:9      | Reached skill level 10 in Armour
  9628 | D:9      | Reached skill level 5 in Dodging
  9673 | D:9      | Killed Erica
 10835 | D:11     | Noticed a two-headed ogre
 10844 | D:11     | Killed a two-headed ogre
 10959 | D:11     | Noticed a brown ugly thing
 10984 | D:11     | Killed a brown ugly thing
 11240 | D:11     | Reached XP level 12. HP: 78/80 MP: 12/12
 11582 | D:11     | Noticed a two-headed ogre
 11588 | D:11     | Killed a two-headed ogre
 12188 | D:12     | Noticed a two-headed ogre
 12194 | D:12     | Killed a two-headed ogre
 12459 | D:12     | Found Cepluef's Jewellery Shop.
 12537 | D:12     | Noticed a death knight
 12560 | D:12     | Killed a death knight
 12560 | D:12     | Reached skill level 10 in Long Blades
 13034 | D:12     | Found a staircase to the Orcish Mines.
 13202 | Lair:1   | Entered Level 1 of the Lair of Beasts
 13268 | Lair:1   | Reached *** piety under Ashenzari
 13543 | Lair:1   | Found an ancient bone altar of Kikubaaqudgha.
 14471 | Lair:2   | Noticed a seven-headed hydra
 14479 | Lair:2   | Killed a three-headed hydra
 14486 | Lair:2   | Learned a level 1 spell: Confusing Touch
 14510 | Lair:2   | Noticed an eight-headed hydra
 14510 | Lair:2   | Noticed a five-headed hydra
 14522 | Lair:2   | Killed a one-headed hydra
 14528 | Lair:2   | Killed a one-headed hydra
 14528 | Lair:2   | Reached XP level 13. HP: 29/87 MP: 5/13
 14831 | Lair:2   | Found a staircase to the Swamp.
 15673 | Lair:2   | Found a staircase to the Snake Pit.
 16135 | Lair:2   | Found a shadowy altar of Dithmenos.
 16253 | Lair:2   | Found a runed translucent door.
 16253 | Lair:2   | Found a shimmering altar of Xom.
 16253 | Lair:2   | Noticed krystol's ghost (journeyman DEFE)
 16253 | Lair:2   | Identified the +12 scythe "Fuaffez" {chaos, rC++ Str+4
                  | Int+4 Stlth+}
 16254 | Lair:2   | Found the +6 Majin-Bo {vamp, Archmagi MP+6 Int+6}
 18402 | Lair:4   | Reached **** piety under Ashenzari
 18580 | Lair:4   | Gained mutation: Your large and strong wings let you fly
                  | indefinitely. [Gargoyle growth]
 18580 | Lair:4   | Reached XP level 14. HP: 92/95 MP: 12/14
 19618 | Lair:5   | Found a staircase to the Slime Pits.
 19643 | Lair:5   | Found a viscous altar of Jiyva.
 20377 | Lair:6   | Entered Level 6 of the Lair of Beasts
 21795 | Lair:6   | Noticed a dire elephant
 21795 | Lair:6   | Noticed a dire elephant
 21796 | Lair:6   | Found the +7 Singing Sword {slice, sonic wave}
 21821 | Lair:6   | Killed a dire elephant
 22160 | Lair:6   | Killed a dire elephant
 22248 | Lair:6   | Noticed a dire elephant
 22256 | Lair:6   | Killed a dire elephant
 22264 | Lair:6   | Noticed a dire elephant
 22275 | Lair:6   | Killed a dire elephant
 22380 | Lair:6   | Noticed a dire elephant
 22389 | Lair:6   | Killed a dire elephant
 23414 | Lair:2   | Killed krystol's ghost
 23699 | D:13     | Reached ***** piety under Ashenzari
 23717 | D:13     | Found Icomemi's Weapon Boutique.
 23736 | D:13     | Found Zezessom's Magic Scroll Shop.
 23760 | D:13     | Bought a scroll of identify for 28 gold pieces
 23760 | D:13     | Identified a scroll of acquirement
 23894 | D:13     | Found Xidghun's Assorted Antiques.
 23907 | D:13     | Found Veeroum's Weapon Boutique.
 23980 | D:13     | Reached XP level 15. HP: 21/101 MP: 2/15
 24313 | D:13     | Found Fetweut's Antique Weapon Boutique.
 24361 | D:13     | Found a gate to the Vaults.
 25426 | D:15     | Entered Level 15 of the Dungeon
 25769 | D:15     | Found a staircase to the Depths.
 25781 | D:15     | Reached skill level 15 in Armour
 26182 | Orc:1    | Entered Level 1 of the Orcish Mines
 26353 | Orc:1    | Found Lipp's Book Shop.
 26565 | Orc:2    | Entered Level 2 of the Orcish Mines
 26573 | Orc:2    | Noticed Jorgrun
 26576 | Orc:2    | Noticed an orc warlord
 26591 | Orc:2    | Killed an orc warlord
 26596 | Orc:2    | Noticed Sonja
 26600 | Orc:2    | Killed Jorgrun
 26603 | Orc:2    | Killed Sonja
 26603 | Orc:2    | Noticed Erolcha
 26942 | Orc:2    | Killed Erolcha
 27377 | Orc:2    | Found a staircase to the Elven Halls.
 27386 | Orc:2    | Found Xuafeuw's Food Shoppe.
 27542 | Orc:2    | Reached skill level 10 in Dodging
 27584 | Orc:2    | Found Dourakasch's Jewellery Boutique.
 27584 | Orc:2    | Found Kompev's Distillery.
 27585 | Orc:2    | Found Agoukhef's Armour Emporium.
 27585 | Orc:2    | Found Avoif's Magic Scroll Emporium.
 27776 | Orc:2    | Bought the ring of Amog {rC+ rN+ MR+ Int-4} for 417 gold
                  | pieces
 27779 | Orc:2    | Bought the +4 shield of the Realm of Zot {rElec rF+ Regen+
                  | Int+4} for 862 gold pieces
 27809 | Orc:2    | Bought 2 potions of haste for 260 gold pieces
 27809 | Orc:2    | Bought a potion of heal wounds for 65 gold pieces
 27809 | Orc:2    | Bought a potion of might for 52 gold pieces
 27809 | Orc:2    | Bought a potion of berserk rage for 65 gold pieces
 27809 | Orc:2    | Bought a potion of might for 52 gold pieces
 28013 | Swamp:1  | Entered Level 1 of the Swamp
 28083 | Swamp:1  | Got the cursed ring mail "Vulex" {Dex+5}
 28099 | Swamp:1  | Reached XP level 16. HP: 107/107 MP: 16/16
 28136 | Swamp:1  | Identified the cursed +1 ring mail "Vulex" {Dex+5} (You
                  | found it on level 1 of the Swamp)
 28253 | Swamp:1  | Reached skill level 15 in Fighting
 28320 | Swamp:1  | Found a transporter.
 28528 | Swamp:1  | Found a transporter.
 28795 | Swamp:2  | Found a runed translucent gate.
 28795 | Swamp:2  | Found a runed translucent gate.
 28816 | Swamp:2  | Noticed MirrMurr's ghost (adept SpEn)
 29192 | Swamp:2  | Found a runed translucent gate.
 29388 | Swamp:2  | Killed MirrMurr's ghost
 29601 | Swamp:3  | Reached ****** piety under Ashenzari
 30104 | Swamp:4  | Entered Level 4 of the Swamp
 30209 | Swamp:4  | Identified the Catalogue of Toxins and Ice
 30377 | Swamp:4  | Noticed the 27-headed Lernaean hydra
 30390 | Swamp:4  | Killed the 26-headed Lernaean hydra
 30407 | Swamp:4  | Reached XP level 17. HP: 83/113 MP: 13/17
 30551 | Swamp:4  | Got a decaying rune of Zot
 30740 | Swamp:4  | Identified the ring of Xom's Full Attention {MP+9 Str+6
                  | Int+4 Dex+7}
 30764 | Swamp:4  | Got the uncursed robe of Midnight {rC- Regen+ rCorr}
 31382 | Snake:1  | Entered Level 1 of the Snake Pit
 31462 | Snake:1  | Reached skill level 10 in Shields
 31852 | Snake:1  | Reached skill level 15 in Long Blades
 31968 | Snake:1  | Found the +3 robe of Clouds {+Thunder rCloud rElec}
 32540 | Snake:2  | Found Riog's Antique Armour Shop.
 32814 | Snake:2  | Reached XP level 18. HP: 120/120 MP: 18/18
 33152 | Snake:3  | HP: 5/120 [shock serpent (3)]
 33152 | Snake:3  | HP: 2/120 [shock serpent (3)]
 33152 | Snake:3  | Slain by a shock serpent

Levels and vault maps discovered:
D:1:      minmay_arrival_four_circles, layout_basic
D:2:      layout_basic, serial_rivers, chequers_serial_rivers_small_a,
          chequers_serial_rivers_micro_d, chequers_serial_rivers_small_3,
          chequers_serial_rivers_micro_d, minmay_joined_circles, uniq_terence
D:3:      minmay_recursive_quarters, layout_loops_ring, first_ration,
          minmay_misc_feat_cross, small_statue_intersection, serial_bayou_ford_a
D:4:      layout_basic, gammafunk_temple_overflow_wave,
          lemuel_coloured_pillars_altar, serial_shops, shop,
          hangedman_decor_growths
D:5:      layout_cave_pods, minmay_temple_entry_offerings
D:6:      layout_loops_cross, grunt_dithmenos_smoke_and_mirrors
D:7:      layout_gridville, trog_ov_bears_minmay, serial_shops,
          nicolae_shop_behind_doors
D:8:      layout_basic, grunt_livestock, uniq_pikel
D:9:      layout_basic, grunt_temple_overflow_opulence,
          grunt_lair_entry_orc_guard_hut, nicolae_qazlal_eye_of_the_storm
D:10:     layout_cross, uniq_erica
D:11:     layout_long_grid
D:12:     layout_irregular_city, david_orc_4, serial_shops, shop
D:13:     layout_cave_pods, david_vaults_2, serial_shops, shop_scrolls, shop,
          nicolae_shop_competitors_out_of_business, shop, shop
D:14:     layout_gridville, kennysheep_decorative_pillar
D:15:     hangedman_depths_entry_try_elsewhere_first, layout_loops_ring
Temple:   eino_temple_rhombus
Lair:1:   layout_small_grid, basic_altar, chequers_serial_rivers_small_b,
          disabler_island
Lair:2:   layout_small_grid, skrybe_swamp_entry_bodies, dummy_snake_entry,
          ebering_ghost_xom, basic_altar, lemuel_fruit_fields,
          serial_bayou_shore_a
Lair:3:   layout_cave_shapes, zaba_antful_of_joy
Lair:4:   layout_loops_ring, roderic_batcave, minmay_lair_oklob_chamber
Lair:5:   layout_misc_corridors, slime_altar_1, grunt_megastairs_5
Lair:6:   due_jungle_book, layout_gridlike, st_stairs_10
Swamp:1:  gammafunk_the_bubble [the_bubble_gammafunk_plus_minus],
          layout_basic_swamp, evilmike_swamp_ruin_rubble_2
Swamp:2:  layout_basic_swamp, gammafunk_ghost_necromancy,
          nicolae_swamp_trees_clearing
Swamp:3:  layout_basic_swamp, evilmike_swamp_ruin_house_4,
          infiniplex_staircase_pool_2
Swamp:4:  swamp_old_school, layout_basic_swamp, swamp_pool5
Snake:1:  cheibrodos_forgotten_conduit, layout_onion, serial_bayou_shore_b,
          grunt_megastairs_3
Snake:2:  layout_cave_pods, serial_shops, nicolae_shop_behind_doors
Snake:3:  layout_cave_shapes
Orc:1:    layout_caves, serial_shops, nicolae_shop_crystal
Orc:2:    st_orc_elflike, layout_caves, serial_shops,
          nicolae_shop_competitors_out_of_business, guppyfry_library_mini,
          uniq_erolcha, uniq_jorgrun, uniq_sonja

Skill      XL: |  1  2  3  4  5  6  7  8  9 10 11 12 13 14 15 16 17 |
---------------+----------------------------------------------------+-----
Long Blades    | 2 3 4 5 6 8 9 10 11 12 13 14 15 | 15.3
Fighting       | 4 5 7 8 9 11 12 13 14 15 16 | 16.1
Armour         | 4 5 6 8 9 11 12 13 14 15 16 | 16.4
Dodging        | 1 2 3 4 5 6 7 8 10 11 12 | 12.4
Shields        | 4 5 6 8 9 10 | 10.7

Action                   |  1- 3 |  4- 6 |  7- 9 | 10-12 | 13-15 | 16-18 || total
-------------------------+-------+-------+-------+-------+-------+-------++-------
Melee: Long sword        |   127 |   246 |   546 |   506 |       |       ||  1425
       Scimitar          |       |       |       |   505 |   952 |    79 ||  1536
       Falchion          |       |       |       |   108 |       |       ||   108
       Double sword      |       |       |       |       |   424 |   666 ||  1090
 Abil: Fly               |       |       |       |       |     1 |       ||     1
Evoke: Wand              |       |       |       |     4 |     9 |     1 ||    14
  Use: Potion            |       |     1 |     5 |     7 |     5 |       ||    18
       Scroll            |       |       |     7 |     2 |    20 |     5 ||    34
 Stab: Invisible         |       |       |       |     5 |       |       ||     5
       Distracted        |       |       |       |       |     1 |       ||     1
  Eat: Chunk             |     2 |     9 |    12 |    25 |    31 |    17 ||    96
       Ration            |       |       |       |       |     4 |       ||     4
Armor: Scale mail        |    69 |   174 |    86 |   612 |   757 |   390 ||  2088
       Plate armour      |       |     5 |   399 |       |       |       ||   404
Dodge: Dodged            |    46 |    92 |   172 |   499 |   733 |   435 ||  1977
Block: Shield            |    69 |   160 |   359 |   590 |   752 |   709 ||  2639
       Rpst.: Long sword |    23 |    32 |    55 |    58 |       |       ||   168
       Falchion          |       |       |       |    14 |       |       ||    14
       Scimitar          |       |       |       |    59 |   153 |     5 ||   217
       Double sword      |       |       |       |       |    44 |    74 ||   118

Table legend:
 A = Non-vault XP
 B = Vault XP
 C = Vault XP percentage of total XP
 D = Non-vault monster count
 E = Vault monster count
 F = Vault count percentage of total count
                 A         B        C        D         E       F
            +---------+---------+-------+---------+---------+-------
      Total |  177556 |   76516 |  30.1 |     746 |     221 |  22.9
            +---------+---------+-------+---------+---------+-------
        D:1 |      26 |       0 |   0.0 |      13 |       0 |   0.0
        D:2 |      61 |     116 |  65.5 |      26 |      13 |  33.3
        D:3 |      57 |      34 |  37.4 |      21 |       7 |  25.0
        D:4 |     224 |       0 |   0.0 |       8 |       0 |   0.0
        D:5 |     206 |       0 |   0.0 |      11 |       0 |   0.0
        D:6 |     890 |       0 |   0.0 |      23 |       0 |   0.0
        D:7 |     697 |     247 |  26.2 |      21 |       2 |   8.7
        D:8 |    1296 |    1650 |  56.0 |      18 |       6 |  25.0
        D:9 |    4301 |    1520 |  26.1 |      42 |       6 |  12.5
       D:10 |    1995 |       0 |   0.0 |      25 |       0 |   0.0
       D:11 |    6792 |       0 |   0.0 |      53 |       0 |   0.0
       D:12 |    4333 |     866 |  16.7 |      32 |      13 |  28.9
       D:13 |    8091 |     765 |   8.6 |      33 |       4 |  10.8
       D:14 |    7050 |       0 |   0.0 |      20 |       0 |   0.0
       D:15 |    4459 |    2779 |  38.4 |      18 |       4 |  18.2
     Lair:1 |    4674 |     360 |   7.2 |      13 |       4 |  23.5
     Lair:2 |   13857 |    2933 |  17.5 |      46 |      10 |  17.9
     Lair:3 |    4918 |    2503 |  33.7 |      20 |      24 |  54.5
     Lair:4 |    6842 |    1235 |  15.3 |      22 |      11 |  33.3
     Lair:5 |    3804 |     513 |  11.9 |      12 |       2 |  14.3
     Lair:6 |   10100 |    3606 |  26.3 |      19 |       8 |  29.6
    Swamp:1 |   13857 |    8024 |  36.7 |      46 |      15 |  24.6
    Swamp:2 |    8898 |    4385 |  33.0 |      24 |      12 |  33.3
    Swamp:3 |   10058 |       0 |   0.0 |      22 |       0 |   0.0
    Swamp:4 |    9112 |   22932 |  71.6 |      29 |      28 |  49.1
    Snake:1 |   21492 |    8274 |  27.8 |      41 |      15 |  26.8
    Snake:2 |   20424 |       0 |   0.0 |      28 |       0 |   0.0
    Snake:3 |    2799 |       0 |   0.0 |       7 |       0 |   0.0
      Orc:1 |    2254 |       0 |   0.0 |      18 |       0 |   0.0
      Orc:2 |    3989 |   13774 |  77.5 |      35 |      37 |  51.4
            +---------+---------+-------+---------+---------+-------
